 Dungeon Crawl Stone Soup version 0.28-a0-1038-g9c4cb8273d (webtiles) character file.

Game seed: 9013059803688277345

585816 random13 the Slayer (level 27, -3/214 HPs)
             Began as an Octopode Transmuter on Nov 28, 2021.
             Was a Priest of Ashenzari.
             Killed by divine providence
             ... invoked by a white draconian stormcaller
              (12 damage)
             ... on level 2 of the Realm of Zot on Dec 9, 2021.
             The game lasted 10:18:17 (81049 turns).

random13 the Slayer (Octopode Transmuter)          Turns: 81049, Time: 10:18:18

Health: -3/214     AC:  3    Str: 10    XL:     27
Magic:  1/47       EV: 27    Int: 32    God:    Ashenzari [***...]
Gold:   7058       SH:  0    Dex: 24    Spells: 7/66 levels left

rFire   + + .      SeeInvis +     - Unarmed
rCold   + + +      Faith    .   (no shield)
rNeg    + + +      Spirit   .   a - +2 hat
rPois   +          Reflect  .   y - amulet of the Four Winds {rN+ Will+++ Clar}
rElec   +          Harm     .   j - ring "Suspicion of the Sky" {Int+6, Cun, Self} (curse)
rCorr   .          Rampage  .   M - ring "Dudapp" {rF+ Will+ Int+5 Dex-2 SInv}
Will    +++++      Clarity  +   d - ring "Restrained Visionary" {rC+++ rN+ Will+ Dex+3, Comp, Elem} (curse)
Stlth   ++........              Q - ring of the Cursed Oracle {AC+4, Alch, Melee} (curse)
HPRegen 0.45/turn               e - ring "Volon" {*Corrode rPois rN+++ SInv Stlth-}
MPRegen 0.30/turn               E - ring of Panopticon {Wiz rPois rF+, Comp, Melee} (curse)
                                K - ring of Ashenzari's Oracle {Dex+6, Elem, Melee} (curse)
                                p - ring of the Shattered Secrets {Wiz rElec, Elem, Alch} (curse)

@: frozen, unable to drink, corroded, very slow
A: almost no armour, amphibious, 8 rings, camouflage 1, gelatinous body 1,
(nimble swimmer 1), tentacles, berserk 1, dopey 1, no potion heal 1, subdued
magic 1
}: 3/15 runes: serpentine, barnacled, silver
a: Renounce Religion, Curse Item, Shatter the Chains


You were on level 2 of the Realm of Zot.
You worshipped Ashenzari.
Ashenzari was most pleased with you.
You visited 11 branches of the dungeon, and saw 50 of its levels.
You visited the Abyss 2 times.

You collected 11055 gold pieces.
You spent 3997 gold pieces at shops.

Inventory:

Missiles
 t - 2 atropa-tipped darts
 C - 14 throwing nets (quivered)
 G - 6 datura-tipped darts
 H - 10 silver javelins
 R - 11 curare-tipped darts
Armour
 a - a +2 hat (worn)
Magical Staves
 D - a staff of air
Jewellery
 d - the cursed ring "Restrained Visionary" (on tentacle) {rC+++ rN+ Will+ Dex+3, Comp, Elem}
   (You found it on level 3 of the Crypt)

   [ring of positive energy]

   Dex:       It affects your dexterity (+3).
   rC:        It renders you almost immune to cold.
   rN:        It protects you from negative energy.
   Will:      It increases your willpower.
   It has a curse which improves the following skills: Companions: Summonings
   and Necromancy.
   Elements:  Fire Magic, Ice Magic, Air Magic and Earth Magic.
 e - the ring "Volon" (on tentacle) {*Corrode rPois rN+++ SInv Stlth-}
   (You bought it in a shop on level 3 of the Depths)

   [ring of see invisible]

   rPois:     It protects you from poison.
   rN:        It renders you almost immune to negative energy.
   SInv:      It lets you see invisible.
   *Corrode:  It may corrode you when you take damage.
   Stlth:     It makes you less stealthy.
 j - the cursed ring "Suspicion of the Sky" (left tentacle) {Int+6, Cun, Self}
   (You found it on level 3 of the Dungeon)

   [ring of intelligence]

   Int:       It affects your intelligence (+6).
   It has a curse which improves the following skills: Cunning: Dodging and
   Stealth.
   Introspection: Fighting and Spellcasting.
 p - the cursed ring of the Shattered Secrets (on tentacle) {Wiz rElec, Elem, Alch}
   (You bought it in a shop on level 1 of the Depths)

   [ring of wizardry]

   It improves your spell success rate.
   rElec:     It insulates you from electricity.
   It has a curse which improves the following skills: Elements: Fire Magic, Ice
   Magic, Air Magic and Earth Magic.
   Alchemy:   Poison Magic and Transmutations.
 y - the amulet of the Four Winds (around mantle) {rN+ Will+++ Clar}
   (You found it on level 4 of the Vaults)

   [amulet of nothing]

   rN:        It protects you from negative energy.
   Clar:      It protects you against confusion.
   Will:      It greatly increases your willpower.
 E - the cursed ring of Panopticon (on tentacle) {Wiz rPois rF+, Comp, Melee}
   (You acquired it on level 9 of the Dungeon)

   [ring of wizardry]

   It improves your spell success rate.
   rF:        It protects you from fire.
   rPois:     It protects you from poison.
   It has a curse which improves the following skills: Companions: Summonings
   and Necromancy.
   Melee Combat: Short Blades, Long Blades, Axes, Maces & Flails, Polearms,
   Staves and Unarmed Combat.
 J - the ring of Disaster {rN+ rCorr Dex-5 Slay+3}
   (You found it on level 3 of the Crypt)

   [ring of positive energy]

   Dex:       It affects your dexterity (-5).
   Slay:      It affects your accuracy & damage with ranged weapons and melee
   (+3).
   rN:        It protects you from negative energy.
   rCorr:     It protects you from acid and corrosion.
 K - the cursed ring of Ashenzari's Oracle (on tentacle) {Dex+6, Elem, Melee}
   (You found it on level 10 of the Dungeon)

   [ring of dexterity]

   Dex:       It affects your dexterity (+6).
   It has a curse which improves the following skills: Elements: Fire Magic, Ice
   Magic, Air Magic and Earth Magic.
   Melee Combat: Short Blades, Long Blades, Axes, Maces & Flails, Polearms,
   Staves and Unarmed Combat.
 M - the ring "Dudapp" (right tentacle) {rF+ Will+ Int+5 Dex-2 SInv}
   (You bought it in a shop on level 3 of the Depths)

   [ring of willpower]

   Int:       It affects your intelligence (+5).
   Dex:       It affects your dexterity (-2).
   rF:        It protects you from fire.
   SInv:      It lets you see invisible.
   Will:      It increases your willpower.
 Q - the cursed ring of the Cursed Oracle (on tentacle) {AC+4, Alch, Melee}
   (You found it on level 12 of the Dungeon)

   [ring of protection]

   AC:        It affects your AC (+4).
   It has a curse which improves the following skills: Alchemy: Poison Magic and
   Transmutations.
   Melee Combat: Short Blades, Long Blades, Axes, Maces & Flails, Polearms,
   Staves and Unarmed Combat.
 U - a ring of resist corrosion
Wands
 i - a wand of charming (30)
 k - a wand of iceblast (65)
 n - a wand of polymorph (55)
 B - a wand of acid (33)
 I - a wand of flame (7)
 L - a wand of paralysis (32)
Scrolls
 g - 6 scrolls of amnesia
 h - a scroll of holy word
 q - 22 scrolls of teleportation
 r - 6 scrolls of fog
 v - 6 scrolls of fear
 A - 13 scrolls of magic mapping
 F - 2 scrolls of immolation
 N - 4 scrolls of summoning
 O - 5 scrolls of silence
 T - a scroll of enchant weapon
 V - a scroll of torment
 Z - 2 scrolls of blinking
Potions
 b - 19 potions of curing
 c - 7 potions of magic
 m - 3 potions of cancellation
 o - 7 potions of resistance
 s - a potion of haste
 u - 12 potions of mutation
 w - 6 potions of might
 x - 7 potions of heal wounds
 z - 5 potions of brilliance
 P - 6 potions of ambrosia
 W - 9 potions of attraction
Miscellaneous
 f - a lightning rod (4/4)
 l - a condenser vane
 S - a tin of tremorstones (2/2)
 X - a phial of floods
 Y - a phantom mirror


   Skills:
 - Level 22.4(24.0) Fighting
 - Level 6.0 Throwing
 - Level 14.1(15.9) Dodging
 - Level 20.4(24.0) Unarmed Combat
 - Level 18.3(20.0) Spellcasting
 + Level 9.8 Conjurations
 - Level 13.1(16.0) Necromancy
 - Level 12.1(15.0) Transmutations
 - Level 16.2(20.0) Ice Magic
 - Level 19.3(23.0) Air Magic
 - Level 3.0(6.2) Earth Magic
 - Level 12.0 Evocations


You had 7 spell levels left.
You knew the following spells:

 Your Spells              Type           Power      Damage    Failure   Level
a - Chain Lightning       Conj/Air       40%        3d54      28%         9
b - Wereblood             Tmut           78%        N/A       0%          2
c - Maxwell's Capacitive  Air            47%        ∞         1%          8
e - Ozocubu's Armour      Ice            89%        N/A       0%          3
f - Passwall              Tmut/Erth      55%        N/A       0%          2
g - Freezing Cloud        Conj/Ice/Air   42%        6-21      0%          5
h - Dragon Form           Tmut           39%        N/A       1%          7
i - Ozocubu's Refrigerat  Ice            44%        4d13      1%          7
j - Borgnjor's Revivific  Necr           40%        N/A       2%          8
k - Necromutation         Tmut/Necr      39%        N/A       2%          8

Your spell library contained the following spells:

 Spells                   Type           Power      Damage    Failure   Level
 Animate Skeleton         Necr           100%       N/A       0%          1
 Beastly Appendage        Tmut           100%       N/A       0%          1
 Pain                     Necr           100%       1d9       0%          1
 Corpse Rot               Necr/Air       100%       N/A       0%          2
 Ensorcelled Hibernation  Hex/Ice        100%       N/A       0%          2
 Poisonous Vapours        Pois/Air       100%       N/A       0%          2
 Sublimation of Blood     Necr           81%        N/A       0%          2
 Frozen Ramparts          Ice            100%       1d12      0%          3
 Mephitic Cloud           Conj/Pois/Air  68%        N/A       0%          3
 Swiftness                Air            95%        N/A       0%          3
 Vampiric Draining        Necr           81%        2d11      0%          3
 Airstrike                Air            47%        N/A       0%          4
 Animate Dead             Necr           40%        N/A       0%          4
 Ice Form                 Ice/Tmut       84%        N/A       0%          4
 Agony                    Necr           81%        N/A       0%          5
 Excruciating Wounds      Necr           40%        N/A       0%          5
 Lightning Bolt           Conj/Air       40%        1d59      0%          5
 Slow                     Hex            96%        N/A       1%          1
 Confusing Touch          Hex            24%        N/A       1%          3
 Gell's Gravitas          Tloc           24%        N/A       1%          3
 Ignite Poison            Fire/Tmut/Pois 50%        N/A       1%          3
 Inner Flame              Hex/Fire       25%        N/A       1%          3
 Portal Projectile        Hex/Tloc       48%        N/A       1%          3
 Spider Form              Tmut/Pois      58%        N/A       1%          3
 Stone Arrow              Conj/Erth      100%       3d13      1%          3
 Teleport Other           Tloc           24%        N/A       1%          3
 Tukima's Dance           Hex            24%        N/A       1%          3
 Fulminant Prism          Conj/Hex       24%        3d13      1%          4
 Iskenderun's Mystic Bla  Conj/Tloc      48%        2d11      1%          4
 Leda's Liquefaction      Hex/Erth       20%        N/A       1%          4
 Petrify                  Tmut/Erth      67%        N/A       1%          4
 Summon Ice Beast         Ice/Summ       66%        N/A       1%          4
 Summon Lightning Spire   Summ/Air       70%        N/A       1%          4
 Alistair's Intoxication  Tmut/Pois      38%        N/A       1%          5
 Blade Hands              Tmut           39%        N/A       1%          5
 Borgnjor's Vile Clutch   Necr/Erth      34%        N/A       1%          5
 Irradiate                Conj/Tmut      36%        3d25      1%          5
 Lee's Rapid Deconstruct  Erth           26%        3d15*     1%          5
 Metabolic Englaciation   Hex/Ice        32%        N/A       1%          5
 Yara's Violent Unravell  Hex/Tmut       28%        3d12      1%          5
 Conjure Ball Lightning   Conj/Air       40%        3x3d13    1%          6
 Death Channel            Necr           40%        N/A       1%          6
 Eringya's Noxious Bog    Tmut/Pois      29%        N/A       1%          6
 Iron Shot                Conj/Erth      29%        9d6       1%          6
 Simulacrum               Ice/Necr       42%        N/A       1%          6
 Statue Form              Tmut/Erth      44%        N/A       1%          6
 Storm Form               Tmut/Air       43%        N/A       1%          7
 Cause Fear               Hex            12%        N/A       2%          4
 Olgreb's Toxic Radiance  Pois           26%        N/A       2%          4
 Haunt                    Necr/Summ      30%        N/A       8%          7
 Dispersal                Tloc           12%        N/A       36%         6
 Summon Hydra             Summ           13%        N/A       85%         7
 Malign Gateway           Summ/Tloc      12%        N/A       86%         7
 Infestation              Necr           40%        N/A       2%          8
 Death's Door             Necr           40%        N/A       32%         9
 Lehudib's Crystal Spear  Conj/Erth      29%        10d8      50%         8
 Discord                  Hex            12%        N/A       100%        8
 Disjunction              Tloc           12%        N/A       100%        8
 Summon Horrible Things   Summ           13%        N/A       100%        8
 Dragon's Call            Summ           13%        N/A       100%        9
 Fire Storm               Conj/Fire      25%        8d6       100%        9
 Shatter                  Erth           26%        3d22*     100%        9
 Animate Armour           Summ/Erth      Unusable   N/A       N/A         4

Dungeon Overview and Level Annotations

Branches:
Dungeon (15/15)            Temple (1/1) D:6            Lair (6/6) D:9
 Shoals (4/4) Lair:4        Snake (4/4) Lair:4        Slime (0/5) Lair:5
    Orc (2/2) D:10            Elf (3/3) Orc:2        Vaults (5/5) D:13
  Crypt (3/3) Vaults:2       Tomb (0/3) Crypt:3      Depths (4/4) D:15
    Zot (3/5) Depths:4

Altars:
Ashenzari
Cheibriados
Dithmenos
Elyvilon
Fedhas
Gozag
Hepliaklqana
Kikubaaqudgha
Makhleb
Nemelex Xobeh
Okawaru
Qazlal
Ru
Sif Muna
Trog
Uskayaw
Vehumet
Wu Jian
Xom
Yredelemnul
Zin
The Shining One
Beogh
Jiyva

Shops:
D:1 [   D:6 *   D:9 (   D:10 :   Orc:2 *(=[   Elf:1 *   Elf:2 [   Elf:3 [
Shoals:1 *   Snake:1 (*:   Vaults:4 (   Depths:1 *[   Depths:3 ==:   Depths:4 *

Portals:
Hell: Depths:1 Depths:2 Depths:3 Depths:4
Abyss: Depths:3
Pandemonium: Depths:2
Ziggurat: Depths:2

Annotations:
Elf:2 3 runed translucent doors
Vaults:5 !V5


Innate Abilities, Weirdness & Mutations

You cannot wear most types of armour.
You are amphibious.
You can wear up to eight rings at the same time.
Your skin changes colour to match your surroundings (Stealth+).
Your rubbery body absorbs attacks. (AC +1, EV +1)
((You are camouflaged near water. (Stealth+)))
You have tentacles for arms and can constrict up to eight enemies at once.
You tend to lose your temper in combat.
You are dopey. (Int -2)
Potions are less effective at restoring your health.
Your spells are a little easier to cast, but a little less powerful.


Message History

You constrict the white draconian, but do no damage.
The quicksilver dragon completely misses you.
The quicksilver dragon claws you!
* * * LOW HITPOINT WARNING * * *
You batter the white draconian stormcaller!!
The white draconian stormcaller is severely wounded.
You constrict the white draconian stormcaller, but do no damage.
You constrict the white draconian. The quicksilver dragon misses you.
The quicksilver dragon completely misses you.
The death drake completely misses you. The white draconian misses you.
The white draconian stormcaller invokes the aid of Qazlal against you.
Qazlal smites you!
* * * LOW HITPOINT WARNING * * *
The quicksilver dragon closely misses you.
The quicksilver dragon completely misses you.
You tentacle-slap the white draconian stormcaller.
The white draconian stormcaller is severely wounded.
You constrict the white draconian stormcaller, but do no damage.
You constrict the white draconian.
The quicksilver dragon completely misses you.
The quicksilver dragon barely misses you.
The death drake completely misses you.
You tentacle-slap the white draconian stormcaller but do no damage.
You squeeze the white draconian stormcaller, but do no damage.
The white draconian stormcaller is severely wounded.
You constrict the white draconian stormcaller, but do no damage.
You constrict the white draconian. The rime drake breathes ice at you.
The flash freeze hits you! You partially resist.
* * * LOW HITPOINT WARNING * * *
You are encased in ice.
The wind drake flaps its wings at you. The air twists around and strikes you!
* * * LOW HITPOINT WARNING * * *
The quicksilver dragon barely misses you. x2
The white draconian hits you with a +0 dire flail!!
* * * LOW HITPOINT WARNING * * *
The white draconian stormcaller calls down the wrath of Qazlal upon you.
Qazlal smites you!
You die...

......#.......'†##.###...###.....
......#...(...).##.#..#####...##.
#'''###.......'.#...#####.....###
......##.....####.........#..## #
.......##...########...####.## #
........######.###...#.....## #
.........#....#...##...###..#####
.###.....##...#kk....##..........
## ##.....#...kq@.....#####......
# ##....#...lDd.....# ##.....
#....#..#######..## ##.... #
##....#### ##..## #.... ##
##.....#.## ###...### #..##
.###.....##..######...#...###..##
.........##..........###.......#.
........#####......### ##........
.......#####........#####...###..


You could see a white draconian (catching breath), a quicksilver dragon
(berserk), a white draconian stormcaller (catching breath), a death drake
(summoned), a wind drake (summoned, repels missiles), a komodo dragon (summoned)
and a rime drake (summoned, catching breath).

Vanquished Creatures
  2 dread liches (Depths:4)
  2 orbs of fire
  An ancient lich (Zot:1)
  Mennas (Vaults:4)
  3 juggernauts
  A Killer Klown (Zot:2)
  Frederick (Vaults:4)
  Bai Suzhen (Vaults:2)
  Vashnia (Snake:4)
  A caustic shrike (Depths:3)
  A curse toe (Zot:1)
  Saint Roka (Depths:2)
  8 golden dragons
  A profane servitor (Crypt:3)
  the Enchantress (Depths:4)
  A bone dragon (Crypt:3)
  Nikola (Vaults:2)
  A starcursed mass (Abyss:2)
  6 electric golems
  The ghost of Kucw the Warrior, an adept GrFi of Cheibriados (Crypt:3)
  3 hellephants (Depths:2)
  13 tentacled monstrosities
  Jorgrun (Elf:1)
  A walking crystal tome (Depths:3)
  Rupert (Lair:3)
  3 liches
  2 deep elf blademasters (Elf:3)
  7 titans
  2 quicksilver dragons
  6 deep elf master archers (Elf:3)
  A walking frostbound tome (Depths:4)
  A kraken (Shoals:3)
  2 death cobs
  3 sphinxes
  An acid blob (Depths:1)
  6 tengu reavers
  9 ancient champions
  3 tentacled starspawn (Abyss:2)
  Gastronok (Lair:3)
  Kirke (D:12)
  15 storm dragons
  5 shadow dragons
  8 azure jellies (Depths:1)
  5 rockslimes (Depths:1)
  4 draconian monks
  A revenant (Crypt:2)
  4 fire giants
  4 draconian knights
  2 iron dragons (Vaults:5)
  3 nagarajas (Snake:4)
  Aizul (Snake:2)
  4 draconian scorchers
  A caustic shrike zombie (Depths:3)
  6 deep elf sorcerers (Elf:3)
  3 draconian shifters
  16 vault wardens
  6 frost giants
  3 curse skulls
  3 orc warlords
  2 deep elf elementalists
  A ghoul (Crypt:2)
  3 draconian stormcallers
  4 draconian annihilators
  13 ironbound preservers
  3 spriggan defenders (Depths:4)
  2 war gargoyles
  A reaper (Crypt:3)
  32 very ugly things
  A caustic shrike skeleton (Crypt:3)
  A juggernaut skeleton (Crypt:1)
  7 stone giants
  Nessos (Lair:5)
  3 deep elf demonologists
  13 vampire knights
  An entropy weaver (Vaults:2)
  Azrael (D:11)
  8 black draconians
  5 purple draconians
  5 white draconians
  The ghost of blank1 the Fighter, a journeyman TrMo of Okawaru (Lair:1)
  6 deep elf annihilators
  2 spark wasps (shapeshifter)
  6 green draconians
  16 spark wasps
  8 red draconians
  A minotaur (Lair:1)
  10 yellow draconians
  4 dire elephants (Vaults:1)
  5 eidola
  Snorg (Orc:1)
  7 merfolk impalers
  16 jiangshi
  12 ettins
  9 merfolk javelineers (Shoals:4)
  8 deep elf death magi
  The ghost of Pooter the Cleaver, a journeyman MiFi of the Shining One (Orc:2)
  A deep elf high priest (Vaults:5)
  A quicksilver dragon skeleton (Crypt:3)
  31 vault guards
  6 ironbound thunderhulks
  7 rakshasas
  22 naga warriors
  14 yaktaur captains
  5 fire dragons
  6 great orbs of eyes
  Erolcha (D:9)
  A fenstrider witch zombie (Crypt:2)
  15 hydras
  6 ice dragons
  6 boulder beetles
  5 salamander tyrants
  13 ironbound frosthearts
  3 spriggan air magi
  A merfolk avatar (Shoals:1)
  An alligator snapping turtle (Shoals:4)
  20 anacondas
  A catoblepas (Lair:4)
  4 ogre magi (Vaults:5)
  25 dancing weapons
  A fenstrider witch skeleton (Crypt:3)
  9 merfolk aquamancers
  A satyr (Shoals:4)
  4 death knights
  26 centaur warriors
  12 two-headed ogres
  4 death yaks (Lair:6)
  5 hell hogs (Depths:2)
  4 orc high priests
  3 tengu warriors
  12 vampire magi
  6 thrashing horrors (Abyss:2)
  6 deep troll shamans
  16 naga sharpshooters
  4 spriggan berserkers
  Sonja (Lair:3)
  4 deep troll earth magi
  A shock serpent (Snake:1)
  2 sun demons
  16 deep elf knights
  2 soul eaters (Crypt:2)
  6 wretched stars (Abyss:2)
  2 shadow wraiths (Crypt:3)
  A sixfirhy (Abyss:2)
  A fire crab (Lair:5)
  4 salamander mystics
  5 flayed ghosts
  51 deep trolls
  5 iron trolls
  3 spatial maelstroms (Abyss:2)
  29 skeletal warriors
  10 sea snakes
  A glowing orange brain (Vaults:4)
  18 deep elf archers
  A lindwurm (shapeshifter) (Elf:2)
  A swamp dragon (shapeshifter) (Vaults:3)
  20 naga ritualists
  An orange crystal statue (Vaults:4)
  12 wizards
  14 phantasmal warriors
  6 necromancers
  Pikel (D:5)
  12 lindwurms
  A glowing orange brain (shapeshifter) (Depths:2)
  19 ironbound convokers
  11 orc knights
  2 iron giant skeletons
  A bunyip skeleton (Crypt:1)
  25 deep elf zephyrmancers
  A goliath frog zombie (Crypt:1)
  6 fauns (Shoals:3)
  14 manticores
  2 shadow dragon skeletons
  22 harpies
  A salamander (shapeshifter) (Elf:2)
  44 ugly things
  23 deep elf pyromancers
  5 cyclopes
  12 mana vipers
  24 salamanders
  A cyclops (shapeshifter) (Vaults:5)
  2 oklob plants
  A worldbinder (Abyss:2)
  A manticore (shapeshifter) (Depths:1)
  22 elephants
  2 orc sorcerers
  An iron dragon zombie (Crypt:2)
  An iron dragon skeleton (Crypt:3)
  2 merfolk sirens
  A stone giant skeleton (Crypt:3)
  14 moths of wrath
  A guardian serpent (shapeshifter) (Vaults:5)
  14 guardian serpents
  9 water nymphs
  18 naga magi
  20 vault sentinels
  55 black mambas
  17 cane toads
  A gargoyle (D:11)
  3 large abominations (Abyss:2)
  A smoke demon (Abyss:2)
  6 rime drakes
  A green draconian zombie (Crypt:3)
  A dire elephant skeleton (Crypt:3)
  12 komodo dragons
  A rime drake (shapeshifter) (Vaults:5)
  2 unseen horrors
  An alligator snapping turtle skeleton (Crypt:1)
  A spark wasp simulacrum (Depths:3)
  23 yaktaurs
  12 freezing wraiths
  An efreet (D:12)
  3 ancient zymes (Abyss:2)
  A kobold demonologist (D:13)
  A minotaur skeleton (Crypt:3)
  A tengu conjurer (D:15)
  12 trolls
  A human skeleton (Vaults:3)
  2 meliai (Lair:3)
  25 merfolk
  3 polar bears (Lair:6)
  Prince Ribbit (D:9)
  2 queen bees
  A hydra zombie (Crypt:3)
  7 hornets
  A jumping spider (shapeshifter) (D:15)
  5 wind drakes
  Grinder (D:4)
  6 dream sheep
  A meliai zombie (Crypt:1)
  18 blink frogs
  16 slime creatures
  4 raiju (Abyss:2)
  A frost giant simulacrum (Vaults:3)
  8 snapping turtles
  A centaur simulacrum (D:15)
  6 flying skulls (Crypt:1)
  7 air elementals
  2 vampires
  A shadow (D:11)
  2 fire dragon skeletons
  A guardian serpent skeleton (Crypt:1)
  A redback (Vaults:2)
  2 tarantellas (Vaults:2)
  16 spriggans
  30 water elementals
  6 wyverns
  A ynoxinul (Abyss:2)
  56 yaks
  A tyrant leech zombie (Crypt:2)
  Grum (D:8)
  13 fire elementals
  A fire bat (Lair:5)
  11 wraiths
  5 basilisks
  2 chaos spawn (Abyss:2)
  3 neqoxecs (Abyss:2)
  6 wargs
  6 vampire mosquitoes
  47 nagas
  A two-headed ogre zombie (Crypt:1)
  4 acid dragons
  Edmund (D:4)
  7 spatial vortices (Abyss:2)
  5 hell hounds
  18 water moccasins
  Duvessa (D:4)
  2 sky beasts
  An ice beast (D:5)
  A manticore zombie (Crypt:3)
  36 orc warriors
  A necrophage (D:5)
  5 black bears
  7 boggarts
  44 wolves
  8 ogres
  10 centaurs
  A snapping turtle skeleton (Crypt:1)
  A draconian zombie (Crypt:1)
  2 kobold brigands
  12 bullfrogs
  2 gnoll sergeants
  A draconian skeleton (Crypt:2)
  4 scorpions
  2 human zombies (Vaults:3)
  A wyvern zombie (D:5)
  2 earth elementals (Elf:2)
  A glowing shapeshifter simulacrum (Depths:3)
  A water moccasin zombie (D:5)
  Dowan (D:4)
  9 small abominations (Abyss:2)
  A water moccasin skeleton (D:6)
  59 killer bees
  9 wights
  A howler monkey (D:6)
  7 electric eels
  4 centaur zombies
  A crimson imp (Abyss:2)
  2 quasits (Abyss:2)
  7 jellies
  11 orc priests
  A hound (D:4)
  A gnoll shaman (D:8)
  3 iguanas
  An iron imp (Abyss:2)
  2 bullfrog skeletons (D:5)
  27 orc wizards
  2 killer bee zombies
  A felid zombie (Crypt:2)
  A demigod skeleton (Crypt:3)
  A hound zombie (D:5)
  15 gnolls
  5 adders
  A white imp (Abyss:2)
  An ufetubus (Abyss:2)
  A halfling zombie (Crypt:3)
  An adder skeleton (D:4)
  13 dart slugs
  60 orcs
  4 ball pythons
  7 bats
  12 endoplasms
  4 giant cockroaches
  12 goblins
  9 hobgoblins
  8 jackals
  9 quokkas
  3 training dummies (D:9)
  A frilled lizard (D:3)
  A frilled lizard zombie (Crypt:1)
  9 kobolds
  6 rats
  2 bushes (Lair:2)
  3 plants (Shoals:4)
  A starspawn tentacle (Abyss:2)
  4 tentacles (Shoals:3)
2291 creatures vanquished.

Vanquished Creatures (collateral kills)
  A wolf spider (D:11)
1 creature vanquished.

Vanquished Creatures (others)
  An ancient champion (Vaults:2)
  A centaur warrior (Vaults:1)
  2 deep elf zephyrmancers
  A guardian serpent (Snake:4)
  A gnoll (D:6)
  An orc (Orc:2)
  31 fungi
  A lurking horror (Abyss:2)
  105 plants
  5 starspawn tentacles (Abyss:2)
  8 tentacles (Shoals:3)
  19 withered plants (Crypt:3)
176 creatures vanquished.

Grand Total: 2468 creatures vanquished

Notes
Turn   | Place    | Note
-------+----------+-------------------------------------------
     0 | D:1      | random13 the Octopode Transmuter began the quest for the
                  | Orb.
     0 | D:1      | Reached XP level 1. HP: 13/13 MP: 3/3
   272 | D:1      | Reached XP level 2. HP: 15/18 MP: 5/5
   664 | D:1      | Reached XP level 3. HP: 8/23 MP: 4/6
   979 | D:1      | Learned a level 2 spell: Wereblood
  1013 | D:1      | Found Ruut's Armour Boutique.
  1844 | D:2      | Found a faded altar of an unknown god.
  1955 | D:4      | Noticed a black bear
  2093 | D:2      | Reached XP level 4. HP: 4/28 MP: 5/7
  2586 | D:2      | Learned a level 3 spell: Spider Form
  2954 | D:3      | Reached skill level 5 in Unarmed Combat
  3514 | D:3      | Found a shimmering blue altar of Sif Muna.
  3659 | D:3      | Reached XP level 5. HP: 33/34 MP: 6/8
  3930 | D:3      | Killed a black bear
  3931 | D:3      | Reached skill level 3 in Fighting
  4335 | D:3      | Reached XP level 6. HP: 37/42 MP: 7/9
  4518 | D:4      | Noticed Edmund
  4580 | D:4      | Killed Edmund
  4902 | D:4      | Found a glowing silver altar of Zin.
  4929 | D:4      | Found a bloodstained altar of Trog.
  4967 | D:4      | Reached skill level 1 in Ice Magic
  5017 | D:4      | Noticed Duvessa
  5048 | D:4      | Noticed Grinder
  5058 | D:4      | Reached XP level 7. HP: 46/46 MP: 5/10
  5066 | D:4      | Killed Grinder
  5072 | D:4      | Learned a level 4 spell: Ice Form
  5638 | D:4      | Noticed Dowan
  5657 | D:4      | Killed Duvessa
  5803 | D:4      | Killed Dowan
  6274 | D:5      | Entered Level 5 of the Dungeon
  6287 | D:5      | Identified the +2 dagger of Taxation {vorpal, *Noise Str+6
                  | Int+3 Stlth+}
  6350 | D:5      | Reached XP level 8. HP: 46/52 MP: 11/11
  7169 | D:5      | Reached skill level 5 in Transmutations
  7509 | D:6      | Reached skill level 5 in Dodging
  7609 | D:6      | Noticed Pikel
  7689 | D:5      | Killed Pikel
  7690 | D:5      | Reached skill level 5 in Fighting
  7690 | D:5      | Reached XP level 9. HP: 31/61 MP: 6/12
  7926 | D:6      | Found a staircase to the Ecumenical Temple.
  7935 | Temple   | Entered the Ecumenical Temple
  7994 | Temple   | Became a worshipper of Ashenzari the Shackled
  8293 | D:6      | Found Ymmos's General Store.
  8296 | D:6      | Bought a scroll of fog for 28 gold pieces
  8300 | D:6      | Found a blossoming altar of Fedhas.
  8427 | D:6      | Found an ornate altar of the Wu Jian Council.
  9053 | D:7      | Reached skill level 10 in Unarmed Combat
  9203 | D:7      | Found an ancient bone altar of Kikubaaqudgha.
  9485 | D:7      | Found the +5 scythe "Finisher" {speed, eviscerate}
  9524 | D:7      | Reached XP level 10. HP: 65/66 MP: 10/13
  9550 | D:7      | Noticed a skeletal warrior
 10409 | D:8      | Noticed Grum
 10451 | D:8      | Reached skill level 6 in Fighting
 10455 | D:8      | Killed Grum
 10784 | D:8      | Found a hide-covered altar of Uskayaw.
 10784 | D:8      | Found a shadowy altar of Dithmenos.
 10784 | D:8      | Found a sparkling altar of Nemelex Xobeh.
 11051 | D:9      | Reached skill level 7 in Fighting
 11353 | D:9      | Noticed Prince Ribbit
 11365 | D:9      | Killed Prince Ribbit
 11409 | D:9      | Noticed Erolcha
 11527 | D:9      | Killed Erolcha
 11603 | D:9      | Reached XP level 11. HP: 75/75 MP: 14/14
 11607 | D:9      | Learned a level 3 spell: Ozocubu's Armour
 11608 | D:9      | Reached * piety under Ashenzari
 11819 | D:9      | Found Faefyfowk's Firing Range.
 12079 | D:9      | Noticed a two-headed ogre
 12100 | D:9      | Killed a two-headed ogre
 12175 | D:9      | Noticed a two-headed ogre
 12186 | D:9      | Killed a two-headed ogre
 12187 | D:9      | Reached skill level 1 in Throwing
 12234 | D:9      | Found a staircase to the Lair.
 12416 | D:10     | Entered Level 10 of the Dungeon
 12416 | D:10     | Noticed a two-headed ogre
 12444 | D:10     | Noticed a two-headed ogre
 12445 | D:10     | Found a white marble altar of Elyvilon.
 12460 | D:9      | Killed a two-headed ogre
 12470 | D:9      | Acquired the ring of Ehaonum {Wiz rPois rF+}
 12560 | D:10     | Reached skill level 8 in Fighting
 12632 | D:10     | Found a staircase to the Orcish Mines.
 12760 | D:10     | Found a sacrificial altar of Ru.
 12762 | D:10     | Found an iron altar of Okawaru.
 12764 | D:10     | Found an opulent altar of Gozag.
 12948 | D:10     | Found Giryokae's Book Boutique.
 12970 | D:10     | Killed a two-headed ogre
 13216 | D:11     | Reached skill level 9 in Fighting
 13252 | D:11     | Learned a level 2 spell: Passwall
 13291 | D:11     | Noticed a manticore
 13298 | D:11     | Killed a manticore
 13299 | D:11     | Reached skill level 5 in Throwing
 13299 | D:11     | Reached XP level 12. HP: 87/87 MP: 13/16
 13359 | D:11     | Noticed a seven-headed hydra
 13584 | D:11     | Found a runed translucent door.
 13584 | D:11     | Found a runed translucent door.
 13584 | D:11     | Noticed a boulder beetle
 13609 | D:11     | Noticed a six-headed hydra
 13609 | D:11     | Noticed a fire dragon
 13610 | D:11     | Noticed a centaur warrior
 13944 | Lair:1   | Entered Level 1 of the Lair of Beasts
 13984 | Lair:1   | Identified the +5 scythe of the Empty Page {vorpal, Int+4}
 14068 | Lair:1   | Reached ** piety under Ashenzari
 14254 | Lair:1   | Found a runed translucent gate.
 14254 | Lair:1   | Found a runed translucent gate.
 14254 | Lair:1   | Found a runed translucent gate.
 14255 | Lair:1   | Noticed a minotaur
 14259 | Lair:1   | Noticed blank1's ghost (journeyman TrMo)
 14520 | Lair:2   | Reached skill level 1 in Evocations
 14711 | Lair:2   | Noticed a six-headed hydra
 14734 | Lair:2   | Killed a six-headed hydra
 14799 | Lair:2   | Reached skill level 5 in Evocations
 15110 | Lair:2   | Found a glowing silver altar of Zin.
 15271 | Lair:2   | Identified the +3 dagger "Qebiw Gou" {vorpal, rN+ rCorr}
 15418 | Lair:2   | Reached XP level 13. HP: 95/95 MP: 10/19
 15795 | Lair:3   | Noticed Sonja
 16218 | Lair:3   | Killed Sonja
 16275 | Lair:3   | Noticed Gastronok
 16285 | Lair:3   | Killed Gastronok
 16485 | Lair:3   | Acquired a book of Iron
 16505 | Lair:3   | Learned a level 5 spell: Blade Hands
 16532 | Lair:3   | Noticed Rupert
 16653 | Lair:3   | Killed Rupert
 17116 | Lair:3   | Reached skill level 10 in Dodging
 17139 | Lair:3   | Found the +2 cloak of the Thief {*Fog Slay-2 SInv Stlth+}
 17524 | Lair:4   | Reached XP level 14. HP: 77/103 MP: 20/20
 18017 | Lair:4   | Found a staircase to the Shoals.
 18046 | Lair:4   | Reached skill level 10 in Transmutations
 18133 | Lair:4   | Found a staircase to the Snake Pit.
 18435 | Lair:5   | Found a transporter.
 18435 | Lair:5   | Identified the +7 great mace of Extermination {drain,
                  | Int+3}
 18452 | Lair:5   | Found a staircase to the Slime Pits.
 19052 | Lair:5   | Noticed Nessos
 19069 | Lair:5   | HP: 5/103 [Nessos/arrow (11)]
 19361 | Lair:5   | Found a transporter.
 19408 | Lair:5   | HP: 5/103 [Nessos/arrow (4)]
 19609 | Lair:5   | Killed Nessos
 19877 | Lair:5   | Reached skill level 5 in Ice Magic
 20233 | D:10     | Bought a book of the Dragon for 460 gold pieces
 20407 | Lair:6   | Entered Level 6 of the Lair of Beasts
 20670 | Lair:6   | Reached XP level 15. HP: 108/108 MP: 23/23
 20903 | Lair:6   | Reached skill level 10 in Fighting
 21227 | Lair:6   | Reached skill level 11 in Fighting
 21413 | Lair:6   | Identified the Incunabulum of Darkness
 21931 | D:9      | Learned a level 7 spell: Dragon Form
 22003 | Orc:1    | Entered Level 1 of the Orcish Mines
 22250 | Orc:2    | Entered Level 2 of the Orcish Mines
 22312 | Orc:2    | Found Puasche's General Store.
 22350 | Orc:2    | Reached skill level 12 in Fighting
 22376 | Orc:2    | Found Wuimn's Jewellery Shoppe.
 22404 | Orc:2    | Noticed an orc warlord
 22422 | Orc:2    | Killed an orc warlord
 22450 | Orc:2    | Found a staircase to the Elven Halls.
 22569 | Orc:2    | Found Futeenk's Antique Armour Emporium.
 22579 | Orc:2    | Found a transporter.
 22618 | Orc:2    | Found a transporter.
 22623 | Orc:2    | Noticed an orc warlord
 22649 | Orc:2    | Noticed Pooter's ghost (journeyman MiFi)
 22658 | Orc:2    | Found a bloodstained altar of Trog.
 22812 | Orc:2    | Found Wocluzirr's Antique Weapon Emporium.
 22827 | Orc:2    | Reached skill level 15 in Unarmed Combat
 23257 | Orc:1    | Noticed Snorg
 23265 | Orc:1    | Killed Snorg
 24017 | D:12     | Identified the +6 short sword of the Enchanted Forest
                  | {speed, *Corrode Will++}
 24023 | D:12     | Noticed Azrael
 24037 | D:11     | Reached XP level 16. HP: 122/122 MP: 17/26
 24050 | D:11     | Killed Azrael
 24138 | D:12     | Reached *** piety under Ashenzari
 24229 | D:12     | Noticed Kirke
 24239 | D:12     | Killed Kirke
 24240 | D:12     | Reached skill level 10 in Ice Magic
 24721 | D:13     | Reached skill level 5 in Spellcasting
 24801 | D:13     | Found a gate to the Vaults.
 26640 | D:15     | Entered Level 15 of the Dungeon
 27468 | D:15     | Found a broken altar of Ashenzari.
 27566 | D:15     | Found a staircase to the Depths.
 27580 | D:15     | Learned a level 7 spell: Ozocubu's Refrigeration
 28250 | Shoals:1 | Entered Level 1 of the Shoals
 28370 | Shoals:1 | Found Juma's CLEARANCE SALE!.
 28483 | Shoals:1 | Identified the ring of Zin's Delight {+Blink Fly rElec rC-
                  | rCorr Int+2}
 28500 | Shoals:1 | Reached skill level 13 in Fighting
 28541 | Shoals:1 | Upgraded the game from 0.28-a0-938-gbc3f381ebc to
                  | 0.28-a0-983-g1de4e0787c
 28778 | Shoals:1 | Noticed a kraken
 28853 | Shoals:2 | Reached skill level 15 in Ice Magic
 28854 | Shoals:2 | Reached XP level 17. HP: 129/129 MP: 26/31
 28882 | Shoals:2 | Reached **** piety under Ashenzari
 29223 | Shoals:2 | Gained mutation: Your spells are a little easier to cast,
                  | but a little less powerful. [mutagenic glow]
 30549 | Shoals:3 | Noticed a kraken
 30578 | Shoals:3 | Killed a kraken
 30814 | Shoals:4 | Entered Level 4 of the Shoals
 30867 | Shoals:4 | Reached skill level 14 in Fighting
 31384 | Shoals:4 | Found a stormy altar of Qazlal.
 31504 | Shoals:4 | Paralysed by an air elemental for 1 turns
 31583 | Shoals:4 | Identified the +2 hand crossbow of Menwusye {elec, MP+9
                  | Int+4}
 31628 | Shoals:4 | Noticed a titan
 31629 | Shoals:4 | Identified the amulet "Icets" {Faith Dex+2}
 31635 | Shoals:4 | Killed a titan
 31640 | Shoals:4 | Got a barnacled rune of Zot
 31860 | Shoals:4 | Identified the +2 long sword of Kuviel {freeze, Will+ rCorr
                  | Str-2 Int+9}
 31979 | Shoals:4 | Paralysed by an air elemental for 1 turns
 32200 | Shoals:4 | Reached skill level 10 in Evocations
 32331 | Shoals:4 | Reached XP level 18. HP: 141/141 MP: 28/32
 32749 | Lair:1   | Killed blank1's ghost
 34641 | Orc:2    | Killed Pooter's ghost
 34841 | Orc:2    | Bought a scroll of fog for 30 gold pieces
 35037 | Snake:1  | Entered Level 1 of the Snake Pit
 35184 | Snake:1  | Found Ciutotir's Assorted Antiques.
 35240 | Snake:1  | Found Faasif's Book Shop.
 35240 | Snake:1  | Found Rauseitz's Weapon Boutique.
 36114 | Snake:2  | Reached skill level 15 in Fighting
 36236 | Snake:2  | Identified the +5 shortbow "Dooph" {vorpal, Will- Dex+6}
 36384 | Snake:2  | Noticed Aizul
 36394 | Snake:2  | Killed Aizul
 36499 | Snake:2  | Reached skill level 16 in Fighting
 36604 | Snake:2  | Identified the +6 battleaxe of Red Wine {vorpal, Dex+4}
 37231 | Snake:2  | Identified the +0 mace "Heva" {vorpal, rF++ Str+4}
 37565 | Snake:3  | Reached XP level 19. HP: 152/152 MP: 30/33
 38589 | Snake:4  | Entered Level 4 of the Snake Pit
 39247 | Snake:4  | Reached skill level 17 in Fighting
 39586 | Snake:4  | Reached skill level 18 in Fighting
 39885 | Snake:4  | Noticed Vashnia
 39896 | Snake:4  | Killed Vashnia
 40069 | Snake:4  | Reached XP level 20. HP: 163/163 MP: 37/37
 40077 | Snake:4  | Got a serpentine rune of Zot
 40588 | Depths:1 | Entered Level 1 of the Depths
 40901 | Depths:1 | Reached skill level 19 in Fighting
 40926 | Depths:1 | Found Goraniko's Assorted Antiques.
 40935 | Depths:1 | Bought a flickering lead ring for 150 gold pieces
 40935 | Depths:1 | Identified the ring "Jeughoph" {Wiz rElec} (You bought it
                  | in a shop on level 1 of the Depths)
 40940 | Depths:1 | Found a shimmering blue altar of Sif Muna.
 41110 | Depths:1 | Found a gateway to Hell.
 41253 | Depths:1 | Found Raekil's Antique Armour Boutique.
 41501 | Depths:1 | Reached skill level 20 in Fighting
 41528 | Depths:1 | Found a viscous altar of Jiyva.
 41895 | Depths:2 | Noticed Saint Roka
 41922 | Depths:2 | Killed Saint Roka
 41969 | Depths:2 | Found a gateway to a ziggurat.
 42111 | Depths:2 | Noticed a golden dragon
 42116 | Depths:2 | Killed a golden dragon
 42128 | Depths:2 | Reached skill level 1 in Air Magic
 42302 | Depths:2 | Noticed a hellephant
 42302 | Depths:2 | Noticed a hellephant
 42302 | Depths:2 | Noticed a hellephant
 42310 | Depths:2 | Killed a hellephant
 42315 | Depths:2 | Killed a hellephant
 42319 | Depths:2 | Killed a hellephant
 42320 | Depths:2 | Reached skill level 5 in Air Magic
 42516 | Depths:2 | Reached XP level 21. HP: 175/175 MP: 31/38
 42565 | Depths:2 | Reached ***** piety under Ashenzari
 42786 | Depths:2 | Found a one-way gate leading to the halls of Pandemonium.
 43186 | Depths:3 | Noticed a golden dragon
 43192 | Depths:3 | Killed a golden dragon
 43352 | Depths:3 | Learned a level 7 spell: Storm Form
 43766 | Depths:3 | Noticed a juggernaut
 43770 | Depths:3 | Noticed a caustic shrike
 43776 | Depths:3 | Killed a caustic shrike
 43779 | Depths:3 | Killed a juggernaut
 44279 | Depths:3 | Found Taddaw's Jewellery Emporium.
 44280 | Depths:3 | Found Lukkig's Book Boutique.
 44281 | Depths:3 | Found Taor's Jewellery Emporium.
 44287 | Depths:3 | Bought the ring "Dudapp" {rF+ Will+ Int+5 Dex-2 SInv} for
                  | 495 gold pieces
 44328 | Depths:3 | Found a one-way gate to the infinite horrors of the Abyss.
 44545 | Depths:4 | Entered Level 4 of the Depths
 44560 | Depths:4 | Noticed the Enchantress
 44564 | Depths:4 | Reached skill level 10 in Air Magic
 44569 | Depths:4 | Killed the Enchantress
 44573 | Depths:4 | Noticed a juggernaut
 44583 | Depths:4 | Killed a juggernaut
 44794 | Depths:4 | Noticed a juggernaut
 44799 | Depths:4 | Killed a juggernaut
 45053 | Depths:4 | Found Kuima's Assorted Antiques.
 45116 | Depths:4 | Reached skill level 21 in Fighting
 45174 | Depths:4 | Learned a level 8 spell: Maxwell's Capacitive Coupling
 45447 | Depths:4 | Found a gate to the Realm of Zot.
 46070 | Vaults:1 | Entered Level 1 of the Vaults
 46265 | Vaults:1 | Reached XP level 22. HP: 183/185 MP: 39/39
 47588 | Vaults:1 | Acquired 1353 gold pieces
 47723 | D:9      | Upgraded the game from 0.28-a0-983-g1de4e0787c to
                  | 0.28-a0-984-g3775c662fe
 47871 | Vaults:2 | Noticed Bai Suzhen
 47957 | Vaults:2 | Killed Bai Suzhen
 48266 | Vaults:2 | Noticed Nikola
 48513 | Vaults:2 | Reached skill level 15 in Air Magic
 48547 | Vaults:2 | Killed Nikola
 48566 | Vaults:2 | Found a staircase to the Crypt.
 49351 | Snake:1  | Bought a manual of Spellcasting for 1360 gold pieces
 49697 | Depths:3 | Bought the ring "Volon" {*Corrode rPois rN+++ SInv Stlth-}
                  | for 522 gold pieces
 50055 | Vaults:2 | Gained mutation: You are dopey. (Int -2) [a neqoxec]
 50109 | Vaults:2 | Reached skill level 10 in Spellcasting
 50650 | Vaults:3 | Identified the +1 leather armour of Hinut {*Corrode rPois
                  | Will++ Str-4}
 50712 | Vaults:3 | Reached XP level 23. HP: 191/191 MP: 43/43
 51760 | Vaults:4 | Noticed Mennas
 51771 | Vaults:4 | Killed Mennas
 51772 | Vaults:4 | Reached skill level 15 in Spellcasting
 52152 | Vaults:4 | Found a transporter.
 52159 | Vaults:4 | Identified the ring "Eseuq" {rF+ rC- Str+9 Dex-4}
 52160 | Vaults:4 | Found a transporter.
 52160 | Vaults:4 | Found the amulet of the Four Winds {rN+ Will+++ Clar}
 52174 | Vaults:4 | Noticed Frederick
 52185 | Vaults:4 | Killed Frederick
 52324 | Vaults:4 | Found Bosit's Weapon Boutique.
 52688 | Vaults:4 | Acquired 1283 gold pieces
 53255 | Vaults:5 | Entered Level 5 of the Vaults
 53762 | Vaults:4 | Reached XP level 24. HP: 130/192 MP: 43/46
 53918 | Vaults:5 | Reached skill level 1 in Necromancy
 54091 | Vaults:5 | Identified the ring "Louwauqo" {rPois MP+9 Int+2 Stlth+}
 54097 | Vaults:5 | Reached skill level 5 in Necromancy
 54104 | Vaults:5 | Got a silver rune of Zot
 54752 | Vaults:5 | HP: 5/192 [titan/the air (31)]
 56461 | Vaults:5 | Learned a level 6 spell: Statue Form
 56766 | Snake:1  | Bought a Necronomicon for 952 gold pieces
 57030 | Elf:1    | Entered Level 1 of the Elven Halls
 57030 | Elf:1    | Found a runed translucent gate.
 57030 | Elf:1    | Found a runed translucent gate.
 57030 | Elf:1    | Found a runed translucent gate.
 57030 | Elf:1    | Found a runed translucent gate.
 57030 | Elf:1    | Found a runed translucent gate.
 57030 | Elf:1    | Found a runed translucent gate.
 57032 | Elf:1    | Found a runed translucent door.
 57052 | Elf:1    | Found a runed translucent door.
 57226 | Elf:1    | Reached skill level 10 in Necromancy
 57630 | Elf:1    | Noticed Jorgrun
 57637 | Elf:1    | Killed Jorgrun
 57675 | Elf:1    | Found Esheoff's Assorted Antiques.
 58595 | Elf:2    | Reached XP level 25. HP: 178/198 MP: 39/46
 58714 | Elf:2    | Found Neusch's Antique Armour Emporium.
 59041 | Elf:2    | Found a runed translucent gate.
 59041 | Elf:2    | Found a runed translucent gate.
 59041 | Elf:2    | Found a runed translucent gate.
 59477 | Elf:3    | Entered Level 3 of the Elven Halls
 59891 | Elf:3    | Found Mofere's Antique Armour Shoppe.
 59971 | Elf:3    | Cast into level 2 of the Abyss (+2 dire flail of
                  | distortion)
 59989 | Abyss:2  | Reached skill level 1 in Earth Magic
 60002 | Elf:3    | Escaped the Abyss
 60054 | Elf:3    | Identified the +0 leather armour "Oklie" {Will- Dex+5
                  | Stlth+}
 60254 | Elf:3    | Paralysed by an air elemental for 1 turns
 61158 | Elf:3    | Found the +3 salamander hide armour {Flames rF++ rC--}
 61158 | Elf:3    | Identified the ring "Kadodike" {rPois Will+ rCorr Dex+9
                  | Slay-5}
 61159 | Elf:3    | Identified the +2 whip of Spring {elec, rPois rC+}
 61159 | Elf:3    | Identified the +1 chain mail of Impatience {rCorr Int+4
                  | Dex-4 SInv}
 61161 | Elf:3    | Identified the +4 hand axe of Arrival {vorpal, rPois Str+5
                  | Dex-4 Stlth+}
 61271 | Elf:3    | Identified the Catalogue of Nocuous Enchantment
 61452 | Elf:3    | Identified the Incunabulum of the Entourage
 62035 | D:9      | Acquired a Trismegistus Codex
 62045 | D:9      | Learned a level 5 spell: Freezing Cloud
 62065 | D:9      | Learned a level 8 spell: Borgnjor's Revivification
 62068 | D:9      | Upgraded the game from 0.28-a0-984-g3775c662fe to
                  | 0.28-a0-1033-g1a2f33fa85
 62275 | Crypt:1  | Entered Level 1 of the Crypt
 65919 | Crypt:3  | Entered Level 3 of the Crypt
 67164 | Crypt:2  | Learned a level 8 spell: Necromutation
 67642 | Crypt:3  | Found a runed translucent door.
 67645 | Crypt:3  | Noticed Kucw's ghost (adept GrFi)
 67645 | Crypt:3  | Identified the +6 scale mail of the Lich-sworn {-Tele Fly
                  | Dex+4}
 68917 | Crypt:3  | Reached skill level 22 in Fighting
 69571 | Crypt:3  | Found a staircase to the Tomb.
 69666 | Crypt:3  | Reached XP level 26. HP: 98/206 MP: 47/47
 72546 | Crypt:3  | Found an ancient bone altar of Kikubaaqudgha.
 72568 | Crypt:3  | Found a basalt altar of Yredelemnul.
 72590 | Crypt:3  | Identified Sif Muna's Compendium of Unholy Rituals
 72591 | Crypt:3  | Identified the Guide on Toxic Clay
 72624 | Crypt:3  | Identified the amulet "Janyec" {rPois rN+ Regen+ Dex-3}
 72624 | Crypt:3  | Identified the ring of Disaster {rN+ rCorr Dex-5 Slay+3}
 72624 | Crypt:3  | Identified the ring "Waqahoki" {rC+++ rN+ Will+ Dex+3}
 72769 | Crypt:3  | Killed Kucw's ghost
 73101 | D:9      | Learned a level 9 spell: Chain Lightning
 73320 | Depths:3 | Voluntarily entered the Abyss.
 74291 | Abyss:2  | Gained mutation: You tend to lose your temper in combat. [a
                  | neqoxec]
 74392 | Depths:3 | Escaped the Abyss
 74397 | Depths:3 | Upgraded the game from 0.28-a0-1033-g1a2f33fa85 to
                  | 0.28-a0-1038-g9c4cb8273d
 74486 | Zot:1    | Entered Level 1 of the Realm of Zot
 74536 | Zot:1    | Noticed an orb of fire
 74544 | Zot:1    | Killed an orb of fire
 74762 | Zot:1    | Found a huge runed gate.
 74762 | Zot:1    | Found a huge runed gate.
 74762 | Zot:1    | Found a huge runed gate.
 74762 | Zot:1    | Found a huge runed gate.
 74762 | Zot:1    | Found a huge runed gate.
 74763 | Zot:1    | Found a huge runed gate.
 74763 | Zot:1    | Found a huge runed gate.
 74764 | Zot:1    | Found a huge runed gate.
 74764 | Zot:1    | Found a huge runed gate.
 74764 | Zot:1    | Found a huge runed gate.
 74840 | Zot:1    | Found a huge runed gate.
 74840 | Zot:1    | Found a huge runed gate.
 74840 | Zot:1    | Found a huge runed gate.
 74841 | Zot:1    | Found a huge runed gate.
 74841 | Zot:1    | Found a huge runed gate.
 74842 | Zot:1    | Found a huge runed gate.
 75630 | Zot:1    | Found a broken altar of Ashenzari.
 75808 | Zot:1    | Found a shimmering altar of Xom.
 76330 | Zot:1    | Found a huge runed gate.
 76331 | Zot:1    | Found a huge runed gate.
 76331 | Zot:1    | Found a huge runed gate.
 76331 | Zot:1    | Found a huge runed gate.
 76342 | Zot:1    | Found a huge runed gate.
 76342 | Zot:1    | Found a huge runed gate.
 76389 | Zot:1    | Noticed a dread lich
 76390 | Zot:1    | Noticed an orb of fire
 76396 | Zot:1    | Noticed a dread lich
 76669 | Depths:4 | Killed a dread lich
 76937 | Depths:4 | Killed a dread lich
 77204 | Zot:1    | Gained mutation: Potions are less effective at restoring
                  | your health. [an orb of fire]
 77208 | Zot:1    | Identified the +6 broad axe "Ticzygys" {freeze, Will++}
 77211 | Zot:1    | Noticed an ancient lich
 77220 | Depths:4 | Killed an orb of fire
 77480 | Zot:1    | Killed an ancient lich
 77481 | Zot:1    | Reached XP level 27. HP: 208/214 MP: 45/47
 78308 | Zot:2    | Reached skill level 5 in Conjurations
 81049 | Zot:2    | HP: 9/214 [white draconian (22)]
 81049 | Zot:2    | Killed from afar by a white draconian stormcaller

Illustrated notes

Levels and vault maps discovered:
D:1:      onia_arrival_handbag, layout_basic, serial_forest,
          infiniplex_forest_end_2, infiniplex_forest_fountain,
          infiniplex_forest_lined_2, infiniplex_forest_lined_2,
          infiniplex_forest_corner_1, infiniplex_forest_lined_2,
          infiniplex_forest_clump_long, serial_shops, nicolae_shop_statue_plus
D:2:      layout_rooms, serial_forest, infiniplex_forest_lined_ring,
          infiniplex_forest_clump_long, infiniplex_forest_lined_2,
          infiniplex_forest_lined_corner, infiniplex_forest_lined_room_3,
          infiniplex_forest_clump_double, infiniplex_forest_clump_long,
          infiniplex_forest_diagonal, shapermc_ecumenical_altar_mp_ritualfount
D:3:      kennysheep_the_goblin_king, layout_loops_corners,
          mainiacjoe_overflow_brackets
D:4:      layout_rooms, lemuel_doored_altar, lemuel_tele_altar,
          palyth_stone_intersect, hangedman_minor_gate_pass, uniq_grinder,
          uniq_duvessa, uniq_edmund
D:5:      layout_loops_ring
D:6:      layout_cave_pools, fedhas_bush_and_centaur_altar,
          nzn_wu_jian_council_hall, minmay_temple_entry_waves, serial_shops,
          kennysheep_mini, uniq_pikel
D:7:      kennysheep_slugbush, layout_basic, kennysheep_little_box,
          chequers_serial_rivers_room_a, minmay_guarded_unrand_finisher
D:8:      layout_basic, gammafunk_temple_overflow_forgotten, uniq_grum
D:9:      layout_gridville, erik_lair_orcish_takeover,
          nicolae_shop_firing_range, uniq_prince_ribbit1, uniq_erolcha,
          uniq_joseph
D:10:     layout_roguey, chequers_temple_overflow_statue_of_worship,
          elyvilon_altar_5, minmay_orc_entry_temple_small, serial_shops, shop
D:11:     minmay_the_grid_triangle_9x9_rhombus_thin_mashed
          [minmay_the_grid_triangle_9x9_shrine,
          minmay_the_grid_triangle_9x9_prize_center,
          minmay_the_grid_triangle_9x9_tough_junction,
          minmay_the_grid_triangle_9x9_wacky_v], layout_loops_ring
D:12:     layout_rooms, minmay_misc_feat_rows, kb_rosetta, uniq_kirke,
          uniq_azrael
D:13:     layout_loops_ring, erik_vaults_1
D:14:     layout_roguey, serial_glass, glass_columns_a, glass_columns_b,
          wad_floor_pattern_2
D:15:     gammafunk_enter_depths_forms, layout_basic, small_statue_alley_a,
          cheibrodos_ashenzari_chains
Temple:   compressed_dpeg_triangle_lava_temple
Lair:1:   layout_cave_shapes, maelrawn_ghost_gauntlet_escape,
          minmay_lair_oklob_items, nicolae_quartered_pool_little,
          disabler_island
Lair:2:   layout_small_grid, basic_altar, special_room [special_room_bee],
          minmay_lair_oklob_bushes, beast_lair_carwin_4, grunt_megastairs_1
Lair:3:   regret_index_combs_of_tragedy, layout_big_grid, uniq_gastronok,
          uniq_sonja, uniq_rupert
Lair:4:   layout_roguey, shoals_dummy_entry, dummy_snake_entry,
          serial_bayou_lagoon_a
Lair:5:   gammafunk_cloud_chamber, layout_layer_cave,
          nicolae_slime_entry_slimehenge, pond, grunt_megastairs_5, uniq_nessos
Lair:6:   minmay_lair_end_enchanted_forest, layout_concentric_octagons,
          grunt_megastairs_3
Shoals:1: layout_shoals, nicolae_shop_clearance
Shoals:2: layout_shoals, nicolae_shoals_lost_giant_baths,
          nicolae_shoals_water_shrine
Shoals:3: layout_shoals
Shoals:4: shoals_end_hellmonk_storm_palace [storm_palace_center_circular,
          storm_palace_corner_blocked, storm_palace_corner_narrow,
          storm_palace_corner_pillars, storm_palace_corner_altar]
Snake:1:  layout_chambers, serial_shops, nicolae_diamond_shop, minmay_shoptagon
Snake:2:  nicolae_snake_shooting_gallery, layout_misc_corridors, special_room,
          nicolae_snake_naga_rites, uniq_aizul
Snake:3:  layout_cave_town, grunt_megastairs_4
Snake:4:  grunt_snake_rune_serpentine_throne, layout_misc_corridors,
          nicolae_snake_springs
Orc:1:    layout_diamond_mine, enter_volcano_3, uniq_snorg
Orc:2:    grunt_orc_gardens, layout_caves, grunt_orc_garden, grunt_orc_garden,
          grunt_orc_garden, grunt_orc_garden, gammafunk_ghost_wrathful_warriors
Elf:1:    nicolae_elf_arrival_dilemma, layout_gridlike, serial_shops, shop,
          hangedman_elven_crosses_minicolossus, uniq_jorgrun
Elf:2:    nicolae_elf_blades_crystal_corner, layout_geoelf_octagon,
          portal_ice_cave_entry_pillars_2, serial_shops, nicolae_shop_crystal
Elf:3:    minmay_elf_hall, layout_geoelf_castle, serial_shops,
          nicolae_shop_hallway_stairs
Vaults:1: v_pattern_3, v_rooms_1, nicolae_vaults_three_branches,
          vaults_room_corners, vaults_room_grunt_arrival_ludios, v_misc_22,
          nicolae_vaults_mini_display_case, layout_vaults_quadrants
Vaults:2: minmay_crypt_entry_simple_plaza, nicolae_vaults_big_ls,
          nicolae_vaults_alarming, hangedman_vaults_capsules,
          nicolae_vaults_network_quinsquares
          [nicolae_vaults_network_quincunx_subvault,
          nicolae_vaults_network_quincunx_subvault,
          nicolae_vaults_network_quincunx_subvault,
          nicolae_vaults_network_quincunx_subvault], v_misc_23, v_misc_25,
          st_squares, ontoclasm_vaults_tryst, nicolae_vaults_little_squares_5,
          v_alt_pattern_6, v_misc_3, ontoclasm_vaults_gateway,
          vaults_room_large_hall, nicolae_vaults_little_squares_1,
          layout_vaults_omnibox, uniq_bai_suzhen, uniq_nikola
Vaults:3: ontoclasm_vaults_twist, v_misc_33, ontoclasm_vaults_chip,
          hangedman_vaults_restitches, v_misc_19, vaults_room_corners,
          grunt_vaults_focal, nicolae_vaults_big_angled_halls,
          nicolae_vaults_little_squares_5, ontoclasm_vaults_eye,
          nicolae_vaults_network_star, v_misc_15, nicolae_vaults_asterisk,
          layout_vaults_omnicross
Vaults:4: hangedman_vaults_hat, gammafunk_sealed_arena, grunt_vaults_trifunnel,
          v_misc_11, v_misc_30, layout_vaults_chaotic_city, serial_shops, shop,
          uniq_frederick, uniq_mennas
Vaults:5
Crypt:1:  layout_misc_corridors, amcnicky_mini_corridor_feature,
          serial_sigils_hangedman_snap
Crypt:2:  layout_catacombs, hex_medium
Crypt:3:  lightli_unholy_cathedral, layout_chaotic_city,
          tomb_entry_forgotten_bobbens, ebering_ghost_reflecting_pool
Depths:1: layout_gridlike, serial_shops, shop, special_room
          [special_room_jelly], hangedman_tar_grid_catacomb,
          kennysheep_big_empty_room, lemuel_blue_sif_altar, minmay_shop_star
Depths:2: minmay_bad_star, layout_gridville, enter_ziggurat_a,
          kennysheep_cluttered_room, grunt_hell_horde, rand_demon_pan_entry_4,
          serial_bayou_shore_a, uniq_saint_roka
Depths:3: minmay_tri_box, layout_gridlike, minmay_misc_feat_nine_boxes,
          grunt_hell_entry_dis_grunt, abyss_entry_glasseish, minmay_shop_grove
Depths:4: evilmike_zot_entry_diamond, layout_gridville, hangedman_geh_valley,
          moated_statue, serial_shops, nicolae_shop_overgrown_old_shop,
          corexii_hall_statues_x, uniq_enchantress
Zot:1:    layout_onion_interference, hangedman_feature_mirror, door_vault
Zot:2:    kennysheep_bubbly, layout_cathedral_of_symmetry
Zot:3:    minmay_elemental_castle, layout_basic

Skill      XL: |  1  2  3  4  5  6  7  8  9 10 11 12 13 14 15 16 17 18 19 20 21 22 23 24 25 26 27 |
---------------+----------------------------------------------------------------------------------+-----
Unarmed Combat | 4 5 7 8 10 11 12 14 15 16 17 19 20 | 20.4
Fighting       | 3 5 7 9 12 13 14 16 18 20 21 22 | 22.4
Dodging        | 3 5 7 8 10 11 12 13 14 | 14.1
Transmutations | 4 5 6 9 12 | 12.1
Ice Magic      | 2 3 4 6 8 15 16 | 16.2
Throwing       | 5 6 |  6.0
Evocations     | 6 10 12 | 12.0
Spellcasting   | 3 4 7 9 12 18 | 18.3
Air Magic      | 5 11 15 16 19 | 19.3
Necromancy     | 11 13 | 13.1
Earth Magic    | 3 |  3.0
Conjurations   | 2 9 |  9.8

Action                   |  1- 3 |  4- 6 |  7- 9 | 10-12 | 13-15 | 16-18 | 19-21 | 22-24 | 25-27 || total
-------------------------+-------+-------+-------+-------+-------+-------+-------+-------+-------++-------
Melee: Unarmed           |   109 |    88 |   255 |   525 |   783 |   648 |   656 |   857 |  1059 ||  4980
       Constrict         |    27 |    22 |    13 |     7 |    67 |     4 |     4 |     2 |    93 ||   239
       Punch             |     7 |     1 |     6 |     2 |   111 |   134 |   131 |   130 |   289 ||   811
       Tentacles         |    15 |    17 |    13 |     7 |    94 |    11 |     4 |       |   188 ||   349
       Kick              |       |    15 |     1 |       |       |       |       |       |       ||    16
       Tailslap          |       |       |       |       |    34 |    89 |   120 |    20 |    88 ||   351
       Bite              |       |       |       |       |    16 |    80 |    86 |     9 |    61 ||   252
       Staff             |       |       |       |       |       |       |       |     3 |   196 ||   199
Throw: Dart              |       |       |       |     9 |    33 |       |       |       |       ||    42
 Cast: Beastly Appendage |     2 |    10 |     2 |       |       |       |       |       |       ||    14
       Spider Form       |       |     4 |    39 |    12 |     2 |       |       |       |       ||    57
       Wereblood         |       |     3 |     9 |    21 |    28 |     6 |     9 |    10 |     1 ||    87
       Ice Form          |       |       |       |    36 |    18 |       |       |       |       ||    54
       Ozocubu's Armour  |       |       |       |     5 |    53 |     9 |     7 |     5 |     9 ||    88
       Blade Hands       |       |       |       |       |    45 |     5 |     2 |     1 |       ||    53
       Dragon Form       |       |       |       |       |    14 |    89 |    58 |    13 |    55 ||   229
       Ozocubu's Refrige |       |       |       |       |       |    23 |    29 |     4 |    30 ||    86
       Storm Form        |       |       |       |       |       |       |     3 |    64 |    23 ||    90
       Statue Form       |       |       |       |       |       |       |       |       |    34 ||    34
       Necromutation     |       |       |       |       |       |       |       |       |    26 ||    26
       Freezing Cloud    |       |       |       |       |       |       |       |       |     1 ||     1
       Maxwell's Capacit |       |       |       |       |       |       |       |       |     1 ||     1
Invok: Curse Item        |       |       |       |     5 |       |     3 |     1 |       |     2 ||    11
       Shatter the Chain |       |       |       |       |       |       |     1 |     3 |     1 ||     5
 Abil: Breathe Fire      |       |       |       |       |     5 |    17 |     1 |       |     3 ||    26
       End Transformatio |       |       |       |       |       |     2 |       |     2 |     2 ||     6
       Blinkbolt         |       |       |       |       |       |       |     1 |    33 |     6 ||    40
Evoke: Wand              |       |       |     3 |    14 |     2 |     7 |       |       |       ||    26
       Condenser vane    |       |       |       |       |       |       |     1 |       |       ||     1
       Phantom mirror    |       |       |       |       |       |       |     1 |       |       ||     1
  Use: Scroll            |       |       |     8 |     3 |     5 |     1 |     4 |     7 |    12 ||    40
       Potion            |       |       |     1 |       |     2 |       |       |     8 |     4 ||    15
 Stab: Sleeping          |    10 |     7 |     5 |     1 |     6 |     6 |       |     9 |       ||    44
       Distracted        |       |       |       |       |     3 |     1 |     1 |       |       ||     5
       Paralysed         |       |       |       |       |     2 |       |       |       |       ||     2
Armor: Skin              |    13 |     3 |    19 |    88 |    83 |   177 |   171 |   133 |   481 ||  1168
Dodge: Dodged            |    78 |    56 |   206 |   586 |   712 |   515 |   551 |   720 |  1410 ||  4834

Table legend: (Time is in decaauts)
 A = Elapsed time spent in this place.
 B = Non-inter-level travel time spent in this place.
 C = Inter-level travel time spent in this place.
 D = Time resting spent in this place.
 E = Time spent auto-exploring this place.
 F = Levels seen in this place.
 G = Mean time per level.
                   A        B        C        D        E       F      G
               +--------+--------+--------+--------+--------+-----+--------+
         Total |  80283 |  70007 |  10276 |  21338 |  17551 |  54 | 1486.7 |
       Dungeon |  20778 |  17008 |   3770 |   3169 |   8765 |  15 | 1385.2 |
        Temple |    262 |    239 |     23 |    178 |     39 |   1 |  262.0 |
          Lair |   9392 |   7670 |   1722 |   1546 |   1057 |   6 | 1565.3 |
        Shoals |   4067 |   3862 |    205 |    627 |   1084 |   4 | 1016.8 |
     Snake Pit |   5287 |   4953 |    334 |   1155 |   1626 |   4 | 1321.8 |
  Orcish Mines |   2055 |   1625 |    430 |    302 |    361 |   2 | 1027.5 |
   Elven Halls |   4787 |   4344 |    443 |   1328 |    637 |   3 | 1595.7 |
        Vaults |   9341 |   7623 |   1718 |   1948 |   1242 |   5 | 1868.2 |
         Crypt |  11244 |  10795 |    449 |   6366 |    398 |   3 | 3748.0 |
        Depths |   6614 |   5999 |    615 |   1580 |   2020 |   4 | 1653.5 |
           Zot |   5407 |   4844 |    563 |   2638 |    322 |   3 | 1802.3 |
         Abyss |   1045 |   1045 |      0 |    500 |      0 |   4 |  261.2 |
               +--------+--------+--------+--------+--------+-----+--------+

Top non-repeatable levels by time:
 Crypt:2: 5802 daAuts
 Crypt:3: 3470 daAuts
   Zot:1: 3271 daAuts
Vaults:4: 2580 daAuts
     D:4: 2408 daAuts
Depths:4: 2397 daAuts
   Elf:3: 2364 daAuts
     D:9: 2147 daAuts
   Zot:2: 2130 daAuts
Vaults:5: 2069 daAuts
  Lair:5: 2060 daAuts
 Crypt:1: 1971 daAuts
  Lair:2: 1901 daAuts
Vaults:1: 1789 daAuts
     D:3: 1707 daAuts
